 Dungeon Crawl Stone Soup version 0.27.0-1-g7a089689b8 (webtiles) character file.

Game seed: 8135757959950564268

471 Brandom the Chopper (level 7, -3/61 HPs)
             Began as a Hill Orc Abyssal Knight on Aug 11, 2021.
             Was a Believer of Lugonu.
             Slain by an ice beast (12 damage)
             ... on level 5 of the Dungeon.
             The game lasted 00:07:50 (4658 turns).

Brandom the Chopper (Hill Orc Abyssal Knight)       Turns: 4658, Time: 00:07:50

Health: -3/61      AC:  3    Str: 17    XL:     7   Next: 9%
Magic:  10/10      EV: 11    Int: 12    God:    Lugonu [**....]
Gold:   192        SH:  0    Dex: 10    Spells: 6/6 levels left

rFire    . . .     SeeInvis .   a - +1 hand axe
rCold    . . .     Faith    .   (no shield)
rNeg     . . .     Spirit   .   b - +0 leather armour
rPois    .         Reflect  .   (no helmet)
rElec    .         Harm     .   (no cloak)
rCorr    .         Rampage  .   (no gloves)
Will     .....                  (no boots)
Stlth    +.........             (no amulet)
HPRegen  0.20/turn              i - ring of flight
MPRegen  0.12/turn              (no ring)

@: flying
A: no striking features
a: Renounce Religion, Depart the Abyss, Bend Space


You were on level 5 of the Dungeon.
You worshipped Lugonu.
Lugonu was pleased with you.
You visited 1 branch of the dungeon, and saw 5 of its levels.
You visited the Abyss 1 time.

You collected 192 gold pieces.

Inventory:

Hand Weapons
 a - a +1 hand axe (weapon)
Armour
 b - a +0 leather armour (worn)
Jewellery
 i - a ring of flight (left hand)
   (You found it on level 2 of the Dungeon)
 j - an amulet of faith {!P}
   (You found it on level 3 of the Dungeon)
 m - a ring of wizardry
   (You found it on level 4 of the Dungeon)
Scrolls
 c - 4 scrolls of teleportation {unknown}
 f - 4 scrolls of identify {unknown}
 k - a scroll of noise {unknown}
 l - a scroll of vulnerability {unknown}
Potions
 d - 2 potions of heal wounds {@q2}
 e - a potion of degeneration {!q}
 g - a potion of flight
 h - 5 potions of curing {@q1}
 n - a potion of haste {unknown}


   Skills:
 + Level 5.0 Fighting
 * Level 6.1 Axes
 + Level 3.7 Armour
 + Level 2.3 Dodging
 + Level 4.4 Invocations


You had 6 spell levels left.
You didn't know any spells.
Your spell library contained the following spells:

 Spells                   Type           Power      Damage    Failure   Level
 Passwall                 Tmut/Erth      0%         N/A       52%         2
 Swiftness                Air            0%         N/A       75%         3
 Invisibility             Hex            0%         N/A       100%        6


Dungeon Overview and Level Annotations

Branches:
Dungeon (5/15)
 Temple: D:4-7

Altars:
Dithmenos
Sif Muna

Shops:
D:5 *


Message History

You hit the shadow imp but do no damage.
The shadow imp lashes its tail.
The shadow imp misses you.
You closely miss the shadow imp. The shadow imp hits you.
You hit the shadow imp.
You kill the shadow imp!
Lugonu accepts your kill.
Your Fighting skill increases to level 5!
f - 4 scrolls labelled LUWUKIO GOTZUO (gained 1)
An ice beast comes into view.
An ice beast is nearby!
You barely miss the ice beast. The ice beast hits you.
The ice beast freezes you!
You barely miss the ice beast. The ice beast closely misses you.
You barely miss the ice beast. The ice beast hits you.
The ice beast freezes you!
You closely miss the ice beast. The ice beast barely misses you.
You slash the ice beast! The ice beast hits you. The ice beast freezes you.
* * * LOW HITPOINT WARNING * * *
You closely miss the ice beast. The ice beast barely misses you.
Unknown command.
You slash the ice beast! The ice beast hits you.
* * * LOW HITPOINT WARNING * * *
The ice beast freezes you.
* * * LOW HITPOINT WARNING * * *
You closely miss the ice beast. The ice beast completely misses you.
Unknown command.
You barely miss the ice beast. The ice beast hits you.
* * * LOW HITPOINT WARNING * * *
The ice beast freezes you.
* * * LOW HITPOINT WARNING * * *
You closely miss the ice beast. The ice beast barely misses you.
Unknown command.
Unknown command.
You hit the ice beast but do no damage. The ice beast closely misses you.
You hit the ice beast.
The ice beast hits you but does no damage.
You barely miss the ice beast. The ice beast hits you.
* * * LOW HITPOINT WARNING * * *
The ice beast freezes you!
* * * LOW HITPOINT WARNING * * *
The ice beast hits you but does no damage.
You feel better.
You hit the ice beast but do no damage.
The ice beast hits you but does no damage.
Unknown command.
You hit the ice beast but do no damage. The ice beast hits you.
* * * LOW HITPOINT WARNING * * *
The ice beast freezes you!
You die...

#####.....### ...#
............####.... ..
.................# .
.###.....##.....### .##
........###..##...#####.....
.........###............ ...
...............######.# ..#
...####......#........# #.#
....#####...##..@Y...## #.# .
......###..###.#####.# #.# #.
..#.....#..###.# #.## #.## #..
..####....###..# #..####..##..#
..## ###.......###
#........#..# ...###
##...##...###..........##
.....###..###.................#
..........###.........####....#
.....##....#.........##
#..#....


You could see an ice beast.

Vanquished Creatures
  Grinder (D:3)
  Sigmund (D:4)
  A hound skeleton (D:4)
  5 adders
  A shadow imp (D:5)
  A worm (D:3)
  A dart slug (D:4)
  6 orcs
  8 ball pythons
  5 bats
  6 endoplasms
  2 giant cockroaches (D:2)
  5 goblins
  A hobgoblin (D:2)
  8 jackals
  4 quokkas
  2 frilled lizards (D:1)
  4 kobolds
  A rat (D:1)
63 creatures vanquished.

Notes
Turn   | Place    | Note
-------+----------+-------------------------------------------
     0 | Abyss:1  | Brandom the Hill Orc Abyssal Knight began the quest for the
                  | Orb.
     0 | Abyss:1  | Reached XP level 1. HP: 19/19 MP: 2/2
     0 | Abyss:1  | Found a corrupted altar of Lugonu.
    47 | Abyss:1  | Noticed a small abomination
    53 | D:1      | Escaped the Abyss
   114 | D:1      | Reached skill level 3 in Axes
   147 | D:1      | Reached skill level 1 in Dodging
   147 | D:1      | Reached XP level 2. HP: 26/27 MP: 3/3
   160 | D:1      | Reached * piety under Lugonu
   249 | D:1      | Found a faded altar of an unknown god.
  1001 | D:2      | Reached XP level 3. HP: 33/33 MP: 5/5
  2208 | D:2      | Reached XP level 4. HP: 32/40 MP: 6/6
  2297 | D:2      | Reached skill level 4 in Axes
  2896 | D:3      | Noticed Grinder
  2897 | D:3      | Paralysed by Grinder for 7 turns
  2909 | D:3      | Paralysed by Grinder for 7 turns
  2930 | D:3      | Paralysed by Grinder for 7 turns
  2943 | D:3      | Killed Grinder
  2944 | D:3      | Reached skill level 5 in Axes
  2944 | D:3      | Reached XP level 5. HP: 25/47 MP: 7/7
  2944 | D:3      | Reached XP level 6. HP: 29/53 MP: 8/8
  3191 | D:3      | Found a shadowy altar of Dithmenos.
  3645 | D:4      | Noticed Sigmund
  3654 | D:4      | Killed Sigmund
  3655 | D:4      | Reached skill level 6 in Axes
  3868 | D:4      | Reached ** piety under Lugonu
  3869 | D:4      | Reached XP level 7. HP: 50/60 MP: 10/10
  4389 | D:4      | Found a shimmering blue altar of Sif Muna.
  4444 | D:5      | Entered Level 5 of the Dungeon
  4444 | D:5      | Found Gilo Dau's Assorted Antiques.
  4496 | D:5      | Reached skill level 5 in Fighting
  4636 | D:5      | HP: 3/61 [ice beast (10)]
  4658 | D:5      | Slain by an ice beast

Illustrated notes

Levels and vault maps discovered:
D:1:      psy_arrival_fountain, layout_basic, chequers_ecumenical_altar_grove
D:2:      layout_basic, nrook_campfire, minivault_19
D:3:      layout_loops_cross, lemuel_tele_altar, dk_vineyard_3, uniq_grinder
D:4:      layout_basic, led_sif_pool, uniq_sigmund
D:5:      layout_layer_cave, serial_shops, shop, kennysheep_windowed_goal

Skill      XL: |  1  2  3  4  5  6  7 |
---------------+----------------------+-----
Axes           | 3 5 6 |  6.1
Dodging        | 1 2 |  2.3
Fighting       | 4 5 |  5.0
Invocations    | 3 4 |  4.4
Armour         | 3 |  3.7

Action                   |  1- 3 |  4- 6 |  7- 9 || total
-------------------------+-------+-------+-------++-------
Melee: Hand axe          |   125 |    78 |    48 ||   251
Invok: Depart the Abyss  |     1 |       |       ||     1
  Use: Potion            |       |     7 |     1 ||     8
 Stab: Sleeping          |     1 |       |       ||     1
       Invisible         |       |     1 |       ||     1
Armor: Leather armour    |    36 |    13 |     7 ||    56
       Skin              |       |     6 |       ||     6
Dodge: Dodged            |    86 |    34 |    20 ||   140
